 Dungeon Crawl Stone Soup version 0.28-a0-793-g31680bbd8b (webtiles) character file.

Game seed: 13877251126239013638

44153 HazelSkye the Basher (level 13, -3/123 HPs)
             Began as a Deep Dwarf Fighter on Nov 4, 2021.
             Was a High Priest of Makhleb.
             Slain by a tyrant leech (10 damage)
             ... on level 6 of the Lair of Beasts.
             The game lasted 01:02:26 (13546 turns).

HazelSkye the Basher (Deep Dwarf Fighter)          Turns: 13546, Time: 01:02:27

Health: -3/123     AC: 20    Str: 26    XL:     13   Next: 94%
Magic:  9/9 (0)    EV:  7    Int: 15    God:    Makhleb [*****.]
Gold:   849        SH: 10    Dex:  7    Spells: 12/12 levels left

rFire   . . .      SeeInvis .   G - +7 mace "Fattudif" {drain, MP+9 Str+2 Int+5 Dex-5}
rCold   . . .      Faith    .   v - +0 kite shield
rNeg    . . .      Spirit   .   H - +0 plate armour
rPois   .          Reflect  .   n - +0 helmet
rElec   .          Harm     .   T - +2 cloak
rCorr   +          Rampage  .   (no gloves)
Will    +....                   (no boots)
Stlth   ..........              (no amulet)
HPRegen 0.00/turn               k - +4 ring of slaying
MPRegen 0.11/turn               x - ring of resist corrosion

@: no status effects
A: damage resistance, heal wounds, sense surroundings 2, no regeneration
a: Heal Wounds, Renounce Religion, Minor Destruction, Lesser Servant of Makhleb,
Major Destruction, Greater Servant of Makhleb


You were on level 6 of the Lair of Beasts.
You worshipped Makhleb.
Makhleb was extremely pleased with you.
You visited 3 branches of the dungeon, and saw 17 of its levels.
You also visited: Ossuary.

You collected 849 gold pieces.

Inventory:

Hand Weapons
 a - a +0 war axe
 p - a +3 hunting sling
 u - a +1 hand axe of freezing
 G - the +7 mace "Fattudif" (weapon) {drain, MP+9 Str+2 Int+5 Dex-5}
   (You found it on level 6 of the Dungeon)

   A truly terrible weapon, it drains the life of any living foe it strikes.
   Str:       It affects your strength (+2).
   Int:       It affects your intelligence (+5).
   Dex:       It affects your dexterity (-5).
   MP:        It affects your magic capacity (+9).
 I - a +2 vampiric hand axe
Missiles
 i - 313 stones
 S - a throwing net
Armour
 n - a +0 helmet (worn)
 v - a +0 kite shield (worn)
 H - a +0 plate armour (worn)
 T - a +2 cloak (worn)
Jewellery
 k - a +4 ring of slaying (left hand)
 m - a ring of ice
 x - a ring of resist corrosion (right hand)
 P - a ring of flight
 Q - a +4 ring of evasion
Wands
 b - a wand of paralysis (9)
 w - a wand of acid (9)
 y - a wand of charming (14)
 K - a wand of flame (35)
 N - a wand of polymorph (18)
 Y - a wand of digging (2)
Scrolls
 j - 6 scrolls of teleportation
 o - 2 scrolls of summoning {unknown}
 q - 5 scrolls of identify
 z - a scroll of fear {unknown}
 A - 3 scrolls of brand weapon {unknown}
 E - 3 scrolls of amnesia {unknown}
 J - 4 scrolls of enchant weapon {unknown}
 O - 2 scrolls of fog {unknown}
 U - a scroll of magic mapping
 W - a scroll of blinking
 X - a scroll of silence
 Z - a scroll of vulnerability {unknown}
Potions
 d - a potion of might
 e - 3 potions of heal wounds
 h - 4 potions of flight
 t - 2 potions of resistance
 B - 3 potions of invisibility
 C - 2 potions of magic {unknown}
 D - 5 potions of haste
 F - 8 potions of ambrosia
 L - 3 potions of curing
 R - a potion of cancellation {unknown}
 V - 2 potions of berserk rage {unknown}


   Skills:
 + Level 9.9 Fighting
 - Level 9.2(12.8) Axes
 - Level 13.0(14.0) Maces & Flails
 + Level 12.1 Armour
 - Level 1.3 Dodging
 - Level 0.6 Stealth
 + Level 11.5 Shields
 - Level 10.0 Invocations


You had 12 spell levels left.
You didn't know any spells.
Your spell library contained the following spells:

 Spells                   Type           Power      Damage    Failure   Level
 Sandblast                Erth           0%         2d4       98%         1
 Shock                    Conj/Air       0%         1d3       98%         1
 Passwall                 Tmut/Erth      0%         N/A       99%         2
 Sublimation of Blood     Necr           0%         N/A       99%         2
 Wereblood                Tmut           0%         N/A       99%         2
 Gell's Gravitas          Tloc           0%         N/A       100%        3
 Lesser Beckoning         Tloc           0%         N/A       100%        3
 Stone Arrow              Conj/Erth      0%         3d7       100%        3
 Swiftness                Air            0%         N/A       100%        3
 Teleport Other           Tloc           0%         N/A       100%        3
 Summon Forest            Summ/Tloc      0%         N/A       100%        5
 Summon Mana Viper        Hex/Summ       0%         N/A       100%        5
 Invisibility             Hex            0%         N/A       100%        6
 Summon Cactus Giant      Summ           0%         N/A       100%        6
 Summon Hydra             Summ           0%         N/A       100%        7


Dungeon Overview and Level Annotations

Branches:
Dungeon (10/15)            Temple (1/1) D:6            Lair (6/6) D:9
  Swamp (0/4) Lair:2        Snake (0/4) Lair:4        Slime (0/5) Lair:6
Ossuary (visited)
    Orc: D:9-12

Altars:
Ashenzari
Cheibriados
Dithmenos
Elyvilon
Fedhas
Gozag
Hepliaklqana
Kikubaaqudgha
Makhleb
Nemelex Xobeh
Okawaru
Qazlal
Ru
Sif Muna
Trog
Uskayaw
Vehumet
Wu Jian
Xom
Yredelemnul
Zin
The Shining One
Jiyva

Shops:
D:9 :[!?

Annotations:
D:3 Sigmund
Lair:1 exclusion: oklob plant, Gastronok
Lair:4 2 transporters


Innate Abilities, Weirdness & Mutations

You are resistant to damage.
You can heal yourself by infusing magical energy.
You passively map the area around you.
You do not regenerate.


Message History

You bludgeon the blink frog!! You drain the blink frog!
You kill the blink frog!
Makhleb accepts your kill.
You feel better.
The blink frog blinks!
You see here a blink frog corpse.
You block the tyrant leech's attack.
You bludgeon the tyrant leech!! You drain the tyrant leech.
The tyrant leech is moderately wounded.
You block the tyrant leech's attack.
You hit the tyrant leech. You drain the tyrant leech.
The tyrant leech is heavily wounded.
You completely miss the tyrant leech.
The tyrant leech is heavily wounded.
The tyrant leech bites you but does no damage.
You sock the tyrant leech! You drain the tyrant leech.
The tyrant leech is severely wounded.
The tyrant leech bites you but does no damage.
You closely miss the tyrant leech.
The tyrant leech is severely wounded.
The blink frog blinks!
You miss the tyrant leech.
The tyrant leech is severely wounded.
The tyrant leech bites you!
* * * LOW HITPOINT WARNING * * *
The tyrant leech draws strength from your injuries!
Unknown command.
You enter the shallow water.
Moving in this stuff is going to be slow.
The blink frog closely misses you.
The tyrant leech bites you but does no damage.
You block the blink frog's attack. You block the tyrant leech's attack.
The blink frog hits you!
* * * LOW HITPOINT WARNING * * *
You see here a blink frog corpse.
You sock the tyrant leech!
The tyrant leech is almost dead.
The blink frog hits you!
* * * LOW HITPOINT WARNING * * *
The tyrant leech bites you!
You die...

≈ ≈ ≈≈≈≈≈≈.##### ##... , *
≈≈≈≈≈..#..., #P.. ,*, ≈
≈≈≈≈≈.≈..P#####..## * * ≈
≈≈≈≈≈≈≈...##.#....##, * ≈
≈P≈≈≈..≈.....#...#.### * **
≈≈≈≈≈≈............#...### ≈
≈ ≈ #≈P≈≈≈.....P...........
≈ ≈ ≈
#≈≈≈≈.F.........#..#... ≈ ,,
≈≈≈≈##≈≈≈.@w.#.#..#........
≈ ,
≈≈#####≈≈...†###.....#.#+. ≈
≈ #P≈≈##≈≈.....##..#........
≈≈#≈≈≈≈#≈≈.....††..#†#..#...
≈ ≈≈
#≈≈≈≈≈≈.≈....#...#.#.##...
#≈≈≈≈≈≈.≈.###...†#.#.. .#l ≈
≈ *#.≈≈≈≈≈.≈##
##...#.....#+. ≈ #.≈≈≈≈...#
##..#...... , ≈ ≈≈
≈##≈≈≈≈PP.# ...+##.#(..


You could see a tyrant leech (drained) and a blink frog.

Vanquished Creatures
  A boulder beetle (Lair:5)
  A catoblepas (Lair:5)
  11 hydras
  A two-headed ogre (D:9)
  4 death yaks (Lair:2)
  Nergalle (Lair:4)
  4 black mambas
  10 elephants
  20 cane toads
  2 rime drakes
  9 komodo dragons
  A queen bee (Lair:4)
  A troll (D:9)
  3 meliai (Lair:4)
  Grinder (D:6)
  4 polar bears
  A hornet (D:8)
  20 blink frogs
  3 wyverns
  20 yaks
  Grum (D:8)
  2 basilisks
  2 steam dragons
  5 vampire mosquitoes (Lair:6)
  4 nagas (Lair:4)
  3 swamp worms
  An acid dragon (D:9)
  7 water moccasins
  2 sky beasts
  3 black bears
  3 orc warriors
  3 ogres
  2 necrophages
  17 wolves
  A centaur (D:8)
  2 phantoms
  17 bullfrogs
  2 kobold brigands
  3 scorpions
  A gnoll sergeant (D:9)
  2 water moccasin skeletons (D:6)
  31 killer bees
  3 wights (D:8)
  2 electric eels (Lair:3)
  A howler monkey (D:8)
  2 centaur zombies
  A lava snake (D:9)
  3 gnoll shamans
  A human zombie (Ossuary)
  4 orc priests
  4 jellies
  2 hounds (D:6)
  2 bullfrog skeletons (D:6)
  2 iguanas
  7 orc wizards
  2 hound zombies (D:5)
  5 mummies
  A howler monkey zombie (D:5)
  19 gnolls
  9 adders
  2 shadow imps (D:7)
  3 white imps
  A worm (D:2)
  2 dart slugs (D:1)
  29 orcs
  5 bats
  2 endoplasms
  3 giant cockroaches
  11 goblins
  4 hobgoblins
  12 kobolds
  4 quokkas
  5 ball pythons
  7 frilled lizards
  2 goblin zombies (Ossuary)
  3 hobgoblin zombies
  A kobold zombie (Ossuary)
  2 orc zombies
  A rat (D:2)
401 creatures vanquished.

Vanquished Creatures (collateral kills)
  A cane toad (Lair:6)
1 creature vanquished.

Vanquished Creatures (others)
  21 fungi
  100 plants
121 creatures vanquished.

Grand Total: 523 creatures vanquished

Notes
Turn   | Place    | Note
-------+----------+-------------------------------------------
     0 | D:1      | HazelSkye the Deep Dwarf Fighter began the quest for the
                  | Orb.
     0 | D:1      | Reached XP level 1. HP: 20/20 MP: 1/1
   124 | D:1      | Found a faded altar of an unknown god.
   190 | D:1      | Reached XP level 2. HP: 27/27 MP: 2/2
   717 | D:2      | Reached XP level 3. HP: 17/33 MP: 3/3
  1300 | D:2      | Reached XP level 4. HP: 20/42 MP: 4/4
  2102 | D:3      | Reached XP level 5. HP: 47/49 MP: 5/5
  2257 | D:3      | Noticed Sigmund
  2426 | D:3      | Found a shimmering blue altar of Sif Muna.
  2431 | D:3      | Reached skill level 5 in Axes
  2439 | D:3      | Got Sif Muna's Collected Works on Arcane Weapons and Air
  2461 | D:3      | Found a bloodstained altar of Trog.
  2754 | D:4      | Found a stormy altar of Qazlal.
  2879 | D:4      | Reached XP level 6. HP: 16/56 MP: 6/6
  3374 | D:5      | Entered Level 5 of the Dungeon
  3517 | D:4      | Reached skill level 5 in Armour
  3519 | D:4      | Reached XP level 7. HP: 44/62 MP: 6/6
  3621 | D:5      | Found a sand-covered staircase.
  3630 | Ossuary  | Entered an ossuary
  3700 | Ossuary  | Reached skill level 1 in Dodging
  3955 | D:5      | Reached XP level 8. HP: 63/72 MP: 7/7
  4522 | D:6      | Found an opulent altar of Gozag.
  4524 | D:6      | Found a blossoming altar of Fedhas.
  4566 | D:6      | Found a staircase to the Ecumenical Temple.
  4579 | D:6      | Identified the +7 mace "Fattudif" {drain, MP+9 Str+2 Int+5
                  | Dex-5}
  4586 | Temple   | Entered the Ecumenical Temple
  4685 | Temple   | Became a worshipper of Makhleb the Destroyer
  4796 | D:6      | Reached skill level 1 in Maces & Flails
  4796 | D:6      | Reached skill level 1 in Invocations
  4804 | D:6      | Reached skill level 5 in Shields
  4846 | D:6      | Reached skill level 2 in Maces & Flails
  5002 | D:6      | Gained mutation: You passively map the area around you.
                  | [Deep Dwarf growth]
  5002 | D:6      | Reached XP level 9. HP: 63/79 MP: 9/9
  5174 | D:6      | Noticed Grinder
  5199 | D:6      | Killed Grinder
  5200 | D:6      | Reached skill level 3 in Maces & Flails
  5427 | D:7      | You fall into a shaft and drop 3 floors!
  5427 | D:10     | Entered Level 10 of the Dungeon
  5434 | D:10     | Noticed a troll
  5436 | D:10     | Noticed a troll
  5455 | D:9      | Killed a troll
  5456 | D:9      | Reached skill level 5 in Fighting
  5464 | D:9      | Reached skill level 4 in Maces & Flails
  5544 | D:9      | Found Neichuop's Antique Armour Emporium.
  5552 | D:8      | Reached * piety under Makhleb
  5665 | D:7      | Reached skill level 5 in Maces & Flails
  5940 | D:7      | Found a sparkling altar of Nemelex Xobeh.
  6288 | D:8      | Reached XP level 10. HP: 90/90 MP: 10/10
  6337 | D:8      | Noticed a boulder beetle
  6375 | D:8      | Reached skill level 5 in Invocations
  6582 | D:8      | Noticed Grum
  6614 | D:8      | Killed Grum
  6626 | D:8      | Reached skill level 6 in Maces & Flails
  7567 | D:9      | Reached ** piety under Makhleb
  7580 | D:9      | Found Plog's Magic Scroll Boutique.
  7799 | D:9      | Found Molohach's Book Boutique.
  7928 | D:9      | Found Sosemnov's Distillery.
  7929 | D:9      | Noticed a two-headed ogre
  7941 | D:9      | Killed a two-headed ogre
  7978 | D:9      | Found a staircase to the Lair.
  8178 | D:9      | Found a glowing golden altar of the Shining One.
  8440 | Lair:1   | Entered Level 1 of the Lair of Beasts
  8459 | Lair:1   | Noticed a five-headed hydra
  8481 | D:9      | Killed a five-headed hydra
  8482 | D:9      | Reached skill level 7 in Maces & Flails
  8490 | Lair:1   | Noticed a six-headed hydra
  8498 | Lair:1   | Killed a six-headed hydra
  8550 | Lair:1   | Noticed a cane toad
  8568 | Lair:1   | Killed a cane toad
  8635 | Lair:1   | Noticed an oklob plant
  8678 | Lair:1   | Reached XP level 11. HP: 89/99 MP: 9/9
  8816 | Lair:1   | Noticed an eight-headed hydra
  8821 | Lair:1   | Killed an eight-headed hydra
  8948 | Lair:1   | Reached skill level 8 in Maces & Flails
  9094 | Lair:1   | Noticed Gastronok
  9545 | Lair:2   | Noticed a death yak
  9546 | Lair:2   | Noticed a death yak
  9546 | Lair:2   | Noticed a death yak
  9571 | Lair:2   | Noticed a death yak
  9584 | Lair:2   | Killed a death yak
  9591 | Lair:2   | Killed a death yak
  9594 | Lair:2   | Killed a death yak
  9595 | Lair:2   | Reached skill level 9 in Maces & Flails
  9598 | Lair:2   | Killed a death yak
 10116 | Lair:2   | Noticed a five-headed hydra
 10117 | Lair:2   | Reached XP level 12. HP: 85/109 MP: 5/5
 10129 | Lair:2   | Killed a five-headed hydra
 10155 | Lair:2   | Found a staircase to the Swamp.
 10267 | Lair:3   | Reached *** piety under Makhleb
 10313 | Lair:3   | Reached skill level 10 in Maces & Flails
 10493 | Lair:3   | Reached skill level 10 in Armour
 11069 | Lair:4   | Noticed Nergalle
 11107 | Lair:4   | Killed Nergalle
 11186 | Lair:4   | Found a staircase to the Snake Pit.
 11294 | Lair:4   | Noticed a seven-headed hydra
 11301 | Lair:4   | Killed a seven-headed hydra
 11370 | Lair:4   | Reached skill level 11 in Maces & Flails
 11373 | Lair:4   | Reached **** piety under Makhleb
 11379 | Lair:4   | Reached skill level 10 in Invocations
 11504 | Lair:4   | Found a transporter.
 11584 | Lair:4   | Noticed an eight-headed hydra
 11605 | Lair:4   | Killed an eight-headed hydra
 11638 | Lair:4   | Reached skill level 10 in Shields
 11677 | Lair:4   | Found a transporter.
 12134 | Lair:4   | Reached XP level 13. HP: 36/118 MP: 6/6
 12644 | Lair:5   | Reached skill level 12 in Maces & Flails
 12680 | Lair:5   | Reached ***** piety under Makhleb
 13094 | Lair:6   | Entered Level 6 of the Lair of Beasts
 13094 | Lair:6   | Found a staircase to the Slime Pits.
 13094 | Lair:6   | Found a viscous altar of Jiyva.
 13422 | Lair:6   | Reached skill level 13 in Maces & Flails
 13475 | Lair:6   | HP: 6/122 [komodo dragon (17)]
 13546 | Lair:6   | Slain by a tyrant leech

Illustrated notes

Levels and vault maps discovered:
D:1:      eino_arrival_cavern_b, layout_rooms,
          hellmonk_ecumenical_altar_blasted, minivault_27, st_stairs_13
D:2:      layout_basic
D:3:      layout_basic, nzn_overflow_gifts_of_might_and_magic, serial_forest,
          infiniplex_forest_lined_2, infiniplex_forest_clump_curved,
          infiniplex_forest_clump_curved, infiniplex_forest_clump_diagonal,
          infiniplex_forest_end_double, infiniplex_forest_lined_room_2,
          infiniplex_forest_lined_corner, infiniplex_forest_lined_2,
          grunt_ministairs_10, hangedman_glass_teeth, serial_bayou_pond_d,
          hangedman_feature_mirror, st_stairs_1, uniq_sigmund
D:4:      layout_basic, amcnicky_altar_gilded
D:5:      layout_cave_pools, nicolae_ossuary_entry_giza,
          chequers_serial_rivers_small_b
D:6:      layout_basic, jmf_multi_god_temple,
          minmay_temple_entry_statues_pillars, uniq_grinder
D:7:      layout_rooms, mainiacjoe_overflow_paths
D:8:      layout_basic, minmay_misc_feat_square, st_stairs_3, uniq_grum
D:9:      layout_rooms, tso_altar, lair_entry_dummy, serial_shops,
          nicolae_inconvenience_store, shop_fountains, nicolae_shop_statue_plus,
          shop, serial_rivers, chequers_serial_rivers_large_a,
          chequers_serial_rivers_micro_a, chequers_serial_rivers_small_a,
          chequers_serial_rivers_micro_d, chequers_serial_rivers_micro_d,
          chequers_serial_rivers_micro_c, serial_bayou_pond_e,
          small_statue_intersection
D:10:     kennysheep_ambush_hall, layout_loops_ring, serial_shops,
          nicolae_shop_stone, serial_bayou_crossing
Temple:   regret_index_temple_waves
Lair:1:   layout_roguey, dpeg_stationary_puzzle, infiniplex_staircase_pool_2,
          uniq_gastronok
Lair:2:   layout_regular_city, palyth_hydra_swamp_entry
Lair:3:   layout_roguey, serial_bayou_pond_b, grunt_megastairs_5,
          serial_bayou_shore_a
Lair:4:   gammafunk_cloud_chamber, layout_cave_pods,
          minmay_snake_entry_guardpost_medium, special_room [special_room_bee],
          uniq_nergalle
Lair:5:   layout_misc_corridors, infiniplex_staircase_pool, grunt_megastairs_2
Lair:6:   minmay_lair_end_frog_pond, layout_loops_ring, slime_altar_1,
          st_stairs_13, minivault_11, worms_lemuel

Skill      XL: |  1  2  3  4  5  6  7  8  9 10 11 12 13 |
---------------+----------------------------------------+-----
Fighting       | 3 4 5 6 7 8 9 |  9.9
Axes           | 3 4 5 6 7 9 |  9.2
Armour         | 4 5 6 7 8 9 10 12 | 12.1
Shields        | 4 5 6 7 8 10 11 | 11.5
Dodging        | 1 |  1.3
Maces & Flails | 2 5 7 9 11 13 | 13.0
Invocations    | 2 4 6 8 10 | 10.0
Stealth        | |  0.6

Action                   |  1- 3 |  4- 6 |  7- 9 | 10-12 | 13-15 || total
-------------------------+-------+-------+-------+-------+-------++-------
Melee: War axe           |    81 |    42 |       |       |       ||   123
       Hand axe          |       |   122 |   169 |       |       ||   291
       Mace              |       |       |   149 |   575 |   360 ||  1084
Invok: Lesser Servant of |       |       |       |       |     1 ||     1
 Abil: Heal Wounds       |       |     8 |    16 |    28 |    21 ||    73
  Use: Scroll            |       |     3 |     5 |       |     4 ||    12
       Potion            |       |       |       |     2 |     5 ||     7
 Stab: Distracted        |       |       |       |     1 |       ||     1
Armor: Chain mail        |    48 |    83 |    76 |       |       ||   207
       Plate armour      |       |       |   132 |   382 |   297 ||   811
Dodge: Dodged            |    30 |    39 |    75 |   183 |   144 ||   471
Block: Buckler           |    14 |    15 |       |       |       ||    29
       Kite shield       |       |    51 |   142 |   326 |   239 ||   758

Table legend: (Time is in decaauts)
 A = Elapsed time spent in this place.
 B = Non-inter-level travel time spent in this place.
 C = Inter-level travel time spent in this place.
 D = Time resting spent in this place.
 E = Time spent auto-exploring this place.
 F = Levels seen in this place.
 G = Mean time per level.
                   A        B        C        D        E       F      G
               +--------+--------+--------+--------+--------+-----+--------+
         Total |  13682 |  13228 |    454 |   1196 |   4819 |  18 |  760.1 |
       Dungeon |   8248 |   7961 |    287 |    912 |   2860 |  10 |  824.8 |
        Temple |    152 |     97 |     55 |      0 |     61 |   1 |  152.0 |
          Lair |   5045 |   4933 |    112 |    284 |   1897 |   6 |  840.8 |
       Ossuary |    236 |    236 |      0 |      0 |      0 |   1 |  236.0 |
               +--------+--------+--------+--------+--------+-----+--------+

Top non-repeatable levels by time:
     D:8: 1473 daAuts
  Lair:4: 1257 daAuts
  Lair:2: 1106 daAuts
     D:3: 1083 daAuts
     D:9: 1026 daAuts
     D:2: 950 daAuts
     D:4: 903 daAuts
     D:6: 901 daAuts
  Lair:3: 878 daAuts
  Lair:5: 722 daAuts
  Lair:1: 685 daAuts
     D:5: 654 daAuts
     D:1: 632 daAuts
     D:7: 598 daAuts
  Lair:6: 394 daAuts
